 Dungeon Crawl Stone Soup version 0.24.0-37-gcf1ca852f1 (webtiles) character file.

Game seed: 14027166802157902283, levelgen mode: deterministic

3757 DildoBatman the Merchant of Misery (level 10, -1/63 HPs)
             Began as a Formicid Wizard on Nov 26, 2019.
             Was a Believer of Kikubaaqudgha.
             Slain by a killer bee (5 damage)
             ... on level 8 of the Dungeon.
             The game lasted 00:34:09 (8671 turns).

DildoBatman the Merchant of Misery (FoWz)           Turns: 8671, Time: 00:34:09

Health: -1/63      AC:  5    Str: 12    XL:     10   Next: 37%
Magic:  1/14       EV: 12    Int: 21    God:    Kikubaaqudgha [**....]
Gold:   360        SH:  0    Dex:  9    Spells: 3/15 levels left

rFire    . . .     SeeInvis +   a - +1 spear
rCold    . . .     Gourm    .   (no shield)
rNeg     + . .     Faith    .   R - +1 animal skin
rPois    .         Spirit   .   (helmet unavailable)
rElec    .         Reflect  .   e - +0 cloak
rCorr    .         Harm     .   H - +0 pair of gloves
MR       +....                  (no boots)
Stlth    ++........             G - macabre finger necklace {rN+}
HPRegen  0.20/turn              D - ring of flight
MPRegen  0.14/turn              (no ring)
                                (no ring)

@: lethally poisoned (-1 -> -8), flying
A: permanent stasis, dig shafts and tunnels, four strong arms, antennae 3
a: Dig, Shaft Self, Receive Corpses, Renounce Religion


You were on level 8 of the Dungeon.
You worshipped Kikubaaqudgha.
Kikubaaqudgha was pleased with you.
You were not hungry.

You visited 2 branches of the dungeon, and saw 9 of its levels.
You also visited: Ossuary.

You collected 360 gold pieces.

Inventory:

Hand Weapons
 a - a +1 spear (weapon)
 b - a +2 flail of holy wrath
 c - a +0 shortbow
 d - a +0 scimitar of flaming
 f - a +0 hand crossbow
Missiles
 k - 88 arrows
 q - 44 bolts
 t - 18 sling bullets
 y - 5 poisoned darts
 I - 2 boomerangs
 K - 128 stones (quivered)
 N - 7 javelins
Armour
 e - a +0 cloak (worn)
 w - a +0 shield
 H - a +0 pair of gloves (worn)
 R - a +1 animal skin (worn)
Magical Staves
 L - an uncursed staff of power {unknown}
Jewellery
 h - an uncursed ring of ice
 D - a ring of flight (left hand)
 G - the macabre finger necklace (around neck) {rN+}
   (You took it off a kobold on level 6 of the Dungeon)

   [amulet of nothing]

   It protects you from negative energy.
Wands
 F - a wand of flame (15)
Scrolls
 g - a scroll of fog
 r - a scroll of immolation {unknown}
 s - 4 scrolls of enchant armour
 u - 4 scrolls of amnesia
 x - 2 scrolls of remove curse
 z - 6 scrolls of identify
 A - 4 scrolls of enchant weapon
 B - 2 scrolls of fear
 O - a scroll of acquirement {unknown}
 Q - a scroll of torment {unknown}
Potions
 j - a potion of cancellation
 l - a potion of invisibility {unknown}
 n - a potion of brilliance
 o - 2 potions of degeneration
 C - a potion of haste {unknown}
 E - a potion of resistance {unknown}
 P - 2 potions of might
Comestibles
 m - 4 chunks of flesh
 v - 12 rations


   Skills:
 - Level 1.7 Dodging
 - Level 2.4 Stealth
 - Level 3.2 Spellcasting
 - Level 6.2 Conjurations
 - Level 4.1 Charms
   Level 1.0 Summonings
 * Level 8.4 Necromancy
   Level 0.8 Translocations
 - Level 5.0 Fire Magic
 - Level 5.1 Air Magic


You had 3 spell levels left.
You knew the following spells:

 Your Spells              Type           Power        Failure   Level  Hunger
a - Conjure Flame         Conj/Fire      ####....     3%          3    ###....
c - Magic Dart            Conj           ####         1%          1    None
d - Regeneration          Chrm/Necr      ####......   3%          3    ###....
e - Mephitic Cloud        Conj/Pois/Air  ###.....     9%          3    ###....
z - Sublimation of Blood  Necr           #####.....   1%          2    ##.....

Your spell library contained the following spells:

 Spells                   Type           Power        Failure   Level  Hunger
 Animate Skeleton         Necr           N/A          1%          1    None
 Pain                     Necr           ####         1%          1    None
 Corpse Rot               Necr           N/A          1%          2    ##.....
 Apportation              Tloc           #.....       9%          1    None
 Summon Small Mammal      Summ           #...         9%          1    None
 Confusing Touch          Hex            #.....       13%         1    None
 Call Imp                 Summ           #.......     13%         2    ##.....
 Slow                     Hex            #.......     21%         2    ##.....
 Blink                    Tloc           Unusable     N/A         2    N/A

Dungeon Overview and Level Annotations

Branches:
Dungeon (8/15)             Temple (1/1) D:5         Ossuary (visited)
   Lair: D:8-11

Altars:
Ashenzari
Cheibriados
Dithmenos
Elyvilon
Fedhas
Gozag
Hepliaklqana
Kikubaaqudgha
Makhleb
Nemelex Xobeh
Okawaru
Qazlal
Ru
Sif Muna
Trog
Uskayaw
Vehumet
Wu Jian
Xom
Yredelemnul
Zin
The Shining One

Shops:
D:6 (

Annotations:
D:1 exclusions: crimson imp and worm
D:2 Sigmund, Terence
D:3 exclusions: phantom and 2 more exclusions
D:4 1 exclusion
D:7 exclusion: oklob plant


Innate Abilities, Weirdness & Mutations

You cannot be hasted, slowed, berserked, paralysed or teleported.
You can dig through walls and to a lower floor.
Your four strong arms can wield two-handed weapons with a shield.
You have a pair of large antennae on your head. (SInv)


Message History

Your magical contamination has completely faded away.
You feel less wooden.
Your +0 cloak unmelds from your body.
Your +0 pair of gloves unmelds from your body.
Your +1 animal skin unmelds from your body.
You feel a little less clever now.
You feel sick. The killer bee closely misses you.
The killer bee stings you but does no damage.
It was a potion of flight.
You feel very buoyant.
You fly up into the air.
You feel sick. The killer bee stings you.
The killer bee stings the killer bee.
The killer bee is poisoned.
The killer bee poisons the killer bee!
The killer bee stings you.
You die...
Kikubaaqudgha rasps: "You have failed me!
Welcome... death!"

#########...# ###..##.#
....## #...########...>.#.#
####.##
#...##...........#.#
##.###...##.............###
##.##...##...............#
##.#...####.....#...###.#
##....####.....#.#.....#
#####.........####.#######
#...........@.####.#
#..........y.......#
#...........y..###.#
...........#.##.#####
...................#
..........#........#
..........#......<.#
.........#........#
......$.#####....#


You could see 2 killer bees.

Vanquished Creatures
  Erica (D:8)
  A queen bee (D:8)
  A wraith (Ossuary)
  Grum (D:8)
  A black bear (D:7)
  3 ice beasts
  A phantom (D:8)
  An orc warrior (D:6)
  2 ogres
  2 centaurs
  3 wolves (D:8)
  4 bullfrogs
  A scorpion (D:6)
  11 killer bees (D:8)
  3 crimson imps
  2 hounds (D:6)
  A centaur skeleton (D:6)
  2 orc priests (D:6)
  An orc wizard (D:4)
  An iguana (D:8)
  6 worker ants
  A killer bee zombie (D:7)
  3 mummies (Ossuary)
  3 gnolls (D:8)
  A howler monkey skeleton (D:6)
  15 adders
  An ooze (D:6)
  3 adder skeletons
  An adder zombie (D:6)
  2 dart slugs
  5 leopard geckos
  3 orcs
  4 giant cockroaches
  13 goblins
  5 hobgoblins
  3 jackals (D:8)
  2 quokkas
  2 ball pythons
  6 bats
  10 frilled lizards
  2 gnoll zombies (Ossuary)
  4 goblin zombies (Ossuary)
  4 hobgoblin zombies (Ossuary)
  2 kobolds
  A quokka zombie (D:8)
  5 rats
  A rat zombie (D:8)
151 creatures vanquished.

Notes
Turn   | Place    | Note
-------+----------+-------------------------------------------
     0 | D:1      | DildoBatman the Formicid Wizard began the quest for the
                  | Orb.
     0 | D:1      | Reached XP level 1. HP: 13/13 MP: 4/4
     9 | D:1      | Reached skill level 1 in Conjurations
   295 | D:1      | Reached XP level 2. HP: 15/19 MP: 6/6
   708 | D:1      | Reached XP level 3. HP: 21/24 MP: 1/7
   713 | D:1      | Learned a level 3 spell: Conjure Flame
   717 | D:1      | Learned a level 3 spell: Mephitic Cloud
  1076 | D:2      | Found a hide-covered altar of Uskayaw.
  1497 | D:2      | Reached XP level 4. HP: 25/30 MP: 3/8
  1561 | D:2      | Found a faded altar of an unknown god.
  1643 | D:2      | Found a burning altar of Makhleb.
  1975 | D:3      | Found a shimmering blue altar of Sif Muna.
  2162 | D:3      | Found an ornate altar of the Wu Jian Council.
  2262 | D:3      | Noticed Terence
  2450 | D:3      | Noticed Sigmund
  2868 | D:3      | Reached XP level 5. HP: 30/35 MP: 3/9
  2926 | D:4      | Noticed an ogre
  3352 | D:4      | Noticed a phantom
  3723 | D:4      | Reached XP level 6. HP: 41/41 MP: 1/10
  4043 | D:4      | Killed an ogre
  4043 | D:4      | Reached skill level 5 in Conjurations
  4122 | D:5      | Entered Level 5 of the Dungeon
  4360 | D:5      | Found a staircase to the Ecumenical Temple.
  4371 | Temple   | Entered the Ecumenical Temple
  4441 | Temple   | Became a worshipper of Kikubaaqudgha
  4574 | D:5      | Noticed an ice beast
  4592 | D:5      | Killed an ice beast
  4592 | D:5      | Reached XP level 7. HP: 46/46 MP: 6/11
  4657 | D:5      | Found a blossoming altar of Fedhas.
  5081 | D:6      | Found Capseu Ecea's Weapon Shoppe.
  5161 | D:6      | Reached skill level 1 in Fire Magic
  5161 | D:6      | Reached skill level 1 in Air Magic
  5312 | D:6      | Found a radiant altar of Vehumet.
  5922 | D:6      | Reached XP level 8. HP: 52/52 MP: 5/12
  6166 | D:7      | Found a burning altar of Makhleb.
  6166 | D:7      | Noticed an oklob plant
  6573 | D:7      | Reached * piety under Kikubaaqudgha
  6573 | D:7      | Identified Kikubaaqudgha's Incunabulum of Stolen Souls
                  | (Kikubaaqudgha gifted it to you on level 7 of the Dungeon)
  6573 | D:7      | Received a gift from Kikubaaqudgha
  6573 | D:7      | Reached skill level 5 in Fire Magic
  6578 | D:7      | Learned a level 2 spell: Sublimation of Blood
  6582 | D:7      | Learned a level 3 spell: Regeneration
  6589 | D:7      | Found a hazy altar of Hepliaklqana.
  6591 | D:7      | Found a shadowy altar of Dithmenos.
  6963 | D:8      | Reached XP level 9. HP: 57/57 MP: 4/13
  6969 | D:8      | Reached skill level 1 in Charms
  6969 | D:8      | Reached skill level 1 in Necromancy
  7084 | D:8      | Noticed Grum
  7109 | D:8      | Reached skill level 2 in Necromancy
  7109 | D:8      | Killed Grum
  7109 | D:8      | Reached skill level 5 in Air Magic
  7151 | D:8      | Reached skill level 3 in Necromancy
  7239 | D:8      | Found a sand-covered staircase.
  7263 | Ossuary  | Entered an ossuary
  7319 | Ossuary  | Reached ** piety under Kikubaaqudgha
  8029 | D:8      | Found a hide-covered altar of Uskayaw.
  8058 | D:8      | Reached skill level 4 in Necromancy
  8117 | D:8      | Noticed Erica
  8171 | D:8      | Killed Erica
  8171 | D:8      | Reached skill level 6 in Necromancy
  8171 | D:8      | Reached XP level 10. HP: 50/63 MP: 0/14
  8220 | D:8      | Reached skill level 7 in Necromancy
  8435 | D:8      | Reached skill level 8 in Necromancy
  8671 | D:8      | Slain by a killer bee

Levels and vault maps discovered:
D:1:      dpeg_arrival_stonehenge_8_columns, layout_rooms
D:2:      layout_rooms, eat_drink_and_be_merry_uskayaw, old_standard_altar,
          first_ration, chequers_ecumenical_altar_lobes
D:3:      layout_loops_ring, lemuel_doored_altar, lemuel_round_altar,
          uniq_terence, uniq_sigmund
D:4:      layout_loops_ring
D:5:      layout_basic, old_standard_altar, minmay_temple_entry_grid
D:6:      layout_gridville, vehumet_altar_wand_db, serial_shops, shop
D:7:      layout_loops_ring, grunt_temple_overflow_open, lemuel_oklob_altar
D:8:      layout_basic, basic_altar, enter_ossuary_4, david_nohive_1,
          uniq_erica, uniq_grum
Temple:   nicolae_temple_great_sept

Skill      XL: |  1  2  3  4  5  6  7  8  9 10 |
---------------+-------------------------------+-----
Conjurations   | 1 2 3 4 6 |  6.2
Fire Magic     | 3 5 |  5.0
Air Magic      | 2 4 5 |  5.1
Charms         | 4 |  4.1
Necromancy     | 6 8 |  8.4
Dodging        | |  1.7
Stealth        | |  2.4
Spellcasting   | |  3.2
Summonings     | |  1.0
Translocations | |  0.8

Action                   |  1- 3 |  4- 6 |  7- 9 | 10-12 || total
-------------------------+-------+-------+-------+-------++-------
Melee: Club              |    15 |    28 |       |       ||    43
       Trident           |       |    20 |   140 |       ||   160
       Hand axe          |       |       |    10 |       ||    10
       Spear             |       |       |   184 |    53 ||   237
       Flail             |       |       |     1 |       ||     1
 Fire: Shortbow          |       |       |    16 |       ||    16
Throw: Stone             |     3 |     5 |     4 |       ||    12
 Cast: Magic Dart        |    89 |    67 |    86 |       ||   242
       Mephitic Cloud    |       |    11 |    27 |    12 ||    50
       Conjure Flame     |       |     7 |    41 |     6 ||    54
 Abil: Dig               |     3 |     7 |    13 |     5 ||    28
  Use: Scroll            |       |    13 |     2 |       ||    15
       Potion            |       |     1 |    12 |     7 ||    20
 Stab: Confused          |       |     1 |     5 |     6 ||    12
       Sleeping          |       |     1 |       |       ||     1
       Distracted        |       |       |     2 |       ||     2
  Eat: Chunk             |     2 |     9 |    11 |       ||    22
       Ration            |       |     1 |     2 |     2 ||     5
Armor: Robe              |     2 |     8 |    22 |       ||    32
       Animal skin       |       |       |     8 |     2 ||    10
       Skin              |       |       |     5 |    53 ||    58
Dodge: Dodged            |    30 |    45 |   106 |    18 ||   199
